 Dungeon Crawl Stone Soup version 0.31.0-12-g77e489cdc1 (webtiles) character file.

Game seed: 7424571865994114601

1579 cdecastro the Mimic (level 8, -7/106 HPs)
             Began as a Red Draconian Shapeshifter on Feb 26, 2024.
             Was a Believer of Makhleb.
             Mangled by an iguana (9 damage)
             ... on level 6 of the Dungeon on Feb 27, 2024.
             The game lasted 00:09:56 (5595 turns).

cdecastro the Mimic (Red Draconian Shapeshifter)    Turns: 5595, Time: 00:09:59

Health: -7/106     AC:  6    Str: 17    XL:     8   Next: 60%
Magic:  8/8        EV: 12    Int: 10    God:    Makhleb [**....]
Gold:   241        SH:  0    Dex: 13    Spells: 7/7 levels left

rFire   + . .        a - +2 dagger (venom)
rCold   . . .        (no shield)
rNeg    . . .        (body armour unavailable)
rPois   .            (helmet currently unavailable)
rElec   .            (cloak currently unavailable)
rCorr   .            (gloves currently unavailable)
SInv    .            (boots currently unavailable)
Will    .....        (no amulet) Stlth
                     (no ring)
HPRegen 0.37/turn    (no ring)
MPRegen 0.11/turn

%: no passive effects
@: berserking, beast-form, very quick
A: beast (slay +4), breathe fire, AC +6, unfitting armour, fire resistance 1,
cold-blooded
a: Breathe Fire, Begin Untransformation, Renounce Religion, Minor Destruction


You were on level 6 of the Dungeon.
You worshipped Makhleb.
Makhleb was pleased with you.
You were a hulking beast.
You visited 2 branches of the dungeon, and saw 7 of its levels.

You collected 241 gold pieces.

Inventory:

Hand Weapons
 a - a +2 dagger of venom (weapon)
 b - a +2 dagger of electrocution
 n - a +2 vampiric short sword
 x - a +0 falchion
 y - a +0 short sword of venom
Missiles
 t - a throwing net (quivered)
Armour
 j - a +0 pair of gloves
 r - an orb of energy
 s - a +0 pair of gloves
 w - the +0 pair of boots of Qaotuz {rF++}
   (You found it on level 4 of the Dungeon)

   rF++:      It greatly protects you from fire.
 z - a +0 pair of gloves
 H - a +1 pair of gloves
Jewellery
 h - a ring of wizardry
 k - a ring of flight
 C - a ring of see invisible
 F - a ring of resist corrosion
Talismans
 c - a flux talisman
 v - a beast talisman
Wands
 A - a wand of mindburst (26)
 E - a wand of digging (4)
 I - a wand of iceblast (8)
Scrolls
 d - 4 scrolls of identify {unknown}
 f - 4 scrolls of teleportation {unknown}
 g - a scroll of silence {unknown}
 i - a scroll of fear {unknown}
 q - 2 scrolls of amnesia {unknown}
 u - a scroll of blinking {unknown}
 B - 2 scrolls of enchant weapon {unknown}
 D - a scroll of enchant armour {unknown}
Potions
 l - a potion of attraction {unknown}
 m - a potion of enlightenment {unknown}
 o - a potion of magic {unknown}
 p - a potion of invisibility {unknown}


   Skills:
 + Level 6.9 Fighting
 - Level 1.7 Dodging
 - Level 3.0 Unarmed Combat
 * Level 8.7 Shapeshifting


You had 7 spell levels left.
You didn't know any spells.
Your spell library contained the following spells:

 Spells                   Type           Power      Damage    Failure   Level
 Summon Small Mammal      Summ           0%         N/A       36%         1
 Scorch                   Fire           0%         2d5       50%         2
 Call Canine Familiar     Summ           0%         N/A       75%         3
 Flame Wave               Conj/Fire      0%         2d4       98%         4
 Summon Blazeheart Golem  Fire/Summ      0%         N/A       98%         4
 Summon Forest            Summ/Tloc      0%         N/A       100%        5
 Summon Mana Viper        Hex/Summ       0%         N/A       100%        5
 Summon Cactus Giant      Summ           0%         N/A       100%        6


Dungeon Overview and Level Annotations

Branches:
Dungeon (6/15)             Temple (1/1) D:5

Altars:
Ashenzari
Cheibriados
Dithmenos
Elyvilon
Gozag
Hepliaklqana
Kikubaaqudgha
Makhleb
Nemelex Xobeh
Okawaru
Ru
Sif Muna
Uskayaw
Wu Jian
Xom
Yredelemnul
The Shining One

Annotations:
D:2 Sigmund
D:5 vault need rc


Innate Abilities, Weirdness & Mutations

You are a hulking beast.
Your limbs bulge with bestial killing power. (Slay +4)
You can breathe blasts of fire.
Your fiery red scales are hard. (AC +6)
You cannot fit into any form of body armour.
Your flesh is heat resistant. (rF+)
You are cold-blooded and may be slowed by cold attacks.


Message History

* * * LOW HITPOINT WARNING * * *
Unknown command.
You hit the killer bee but do no damage.
The killer bee looks even sicker.
The killer bee is severely wounded.
You feel sick.
You kill the killer bee!
Makhleb accepts your kill.
You feel better. The iguana barely misses you. The killer bee stings you.
* * * LOW HITPOINT WARNING * * *
You are more poisoned.
The killer bee poisons you!
You miss the killer bee.
Your tail-slap misses the killer bee.
You feel very sick. The killer bee closely misses you.
The killer bee stings you.
* * * LOW HITPOINT WARNING * * *
The iguana bites you!
* * * LOW HITPOINT WARNING * * *
Unknown command.
It was a potion of curing.
You feel better. The killer bee stings you.
* * * LOW HITPOINT WARNING * * *
The iguana bites you.
* * * LOW HITPOINT WARNING * * *
The killer bee stings you.
* * * LOW HITPOINT WARNING * * *
You feel better. The killer bee stings you.
* * * LOW HITPOINT WARNING * * *
The iguana misses you. The killer bee barely misses you.
You puncture the killer bee!
The killer bee is poisoned.
The killer bee is severely wounded.
The killer bee closely misses you. The iguana bites you!
* * * LOW HITPOINT WARNING * * *
The killer bee barely misses you.
It was a potion of berserk rage.
A red film seems to cover your vision as you go berserk!
You feel yourself moving faster!
You feel mighty!
You kill the killer bee!
Makhleb accepts your kill. The iguana bites you!
You die...

######........#..#
...##..........#
..............##.#
.≈≈.....#.....##.#
.≈≈.....#.....##.#
.....♣♣..#.......#
.....♣♣..#y....###
.._.....y..###†#
.........### #h#
...##...# #l# ≈
#..##


#ZZ ....# ...# y....## .... y....## ...... ##### ...... ........ You could see
an iguana, a bullfrog zombie and a killer bee zombie.

Vanquished Creatures
  Prince Ribbit (D:5)
  Eustachio (D:5)
  Menkaure (D:5)
  An ogre (D:5)
  3 phantoms
  A scorpion (D:4)
  3 killer bees (D:6)
  3 bombardier beetles
  A centaur zombie (D:6)
  2 hounds (D:5)
  An orc priest (D:5)
  A sleepcap (D:4)
  Natasha (D:2)
  Terence (D:3)
  4 orc wizards
  A killer bee zombie (D:6)
  9 gnolls
  9 adders
  2 dart slugs
  18 orcs
  3 endoplasms
  4 giant cockroaches
  5 goblins
  10 hobgoblins
  7 jackals
  7 kobolds
  3 quokkas
  6 ball pythons
  2 bats
  A frilled lizard (D:1)
  10 rats
122 creatures vanquished.

Notes
Turn   | Place    | Note
-------+----------+-------------------------------------------
     0 | D:1      | cdecastro the Draconian Shapeshifter began the quest for
                  | the Orb.
     0 | D:1      | Reached XP level 1. HP: 16/16 MP: 1/1
   192 | D:1      | Reached XP level 2. HP: 23/23 MP: 2/2
   762 | D:2      | Reached XP level 3. HP: 21/29 MP: 3/3
   833 | D:2      | Reached skill level 4 in Shapeshifting
   859 | D:2      | Reached XP level 4. HP: 37/37 MP: 4/4
   992 | D:2      | Noticed Sigmund
  1033 | D:2      | Found a burning altar of Makhleb.
  1054 | D:2      | Became a worshipper of Makhleb the Destroyer
  1195 | D:2      | Noticed Natasha
  1293 | D:2      | Killed Natasha
  1351 | D:2      | HP: 1/57 [gnoll/+0 halberd (6)]
  1356 | D:2      | HP: 1/57 [gnoll/+0 halberd (2)]
  1507 | D:1      | Reached XP level 5. HP: 45/45 MP: 5/5
  1924 | D:3      | Reached skill level 5 in Shapeshifting
  2804 | D:3      | Reached * piety under Makhleb
  2817 | D:3      | Reached XP level 6. HP: 52/52 MP: 6/6
  2832 | D:3      | Noticed Terence
  2844 | D:3      | Killed Terence
  3125 | D:4      | Found a shadowy altar of Dithmenos.
  3173 | D:4      | Identified the +0 pair of boots of Qaotuz {rF++}
  3203 | D:4      | Reached skill level 6 in Shapeshifting
  3771 | D:4      | Your scales start taking on a fiery red colour.
  3771 | D:4      | Reached XP level 7. HP: 60/60 MP: 7/7
  3771 | D:4      | Gained mutation: Your flesh is heat resistant. (rF+) [Red
                  | Draconian growth]
  4156 | D:4      | Reached skill level 5 in Fighting
  4417 | D:5      | Entered Level 5 of the Dungeon
  4431 | D:5      | Noticed Menkaure
  4435 | D:5      | Killed Menkaure
  4436 | D:5      | Reached skill level 7 in Shapeshifting
  4497 | D:5      | Noticed Eustachio
  4507 | D:5      | Killed Eustachio
  4720 | D:5      | Reached XP level 8. HP: 67/70 MP: 8/8
  4933 | D:5      | Noticed Prince Ribbit
  4956 | D:5      | Killed Prince Ribbit
  4957 | D:5      | Reached skill level 8 in Shapeshifting
  5101 | D:5      | Reached ** piety under Makhleb
  5115 | D:5      | Found a shimmering altar of Xom.
  5205 | D:5      | Found a staircase to the Ecumenical Temple.
  5231 | Temple   | Entered the Ecumenical Temple
  5565 | D:6      | Found an ornate altar of the Wu Jian Council.
  5591 | D:6      | HP: 3/71 [iguana (9)]
  5592 | D:6      | HP: 1/71 [killer bee (3)]
  5595 | D:6      | Mangled by an iguana

Illustrated notes

Levels and vault maps discovered:
D:1:      amcnicky_arrival_feature_with_door, layout_loops_ring
D:2:      layout_loops_ring, basic_altar, uniq_sigmund, uniq_natasha
D:3:      layout_basic, uniq_terence
D:4:      layout_layer_cave, nicolae_dithmenos_the_darkroom
D:5:      lemuel_ice_spiral_2, layout_basic, mainiacjoe_overflow_24_doors,
          minmay_temple_entry_junction, minivault_26, serial_bayou_lagoon_b,
          uniq_prince_ribbit1, uniq_eustachio, uniq_menkaure
D:6:      layout_basic, marbit_many_paths, nicolae_wu_jian_wuxing_cycle,
          serial_undead, serial_undead_a, serial_undead_d, serial_undead_a,
          serial_undead_b
Temple:   nicolae_temple_ecumenical_triangle

Skill      XL: |  1  2  3  4  5  6  7  8 |
---------------+-------------------------+-----
Fighting       | 2 3 4 5 6 |  6.9
Shapeshifting  | 4 5 6 7 8 |  8.7
Dodging        | |  1.7
Unarmed Combat | |  3.0

Action                     |  1- 3 |  4- 6 |  7- 9 || total
---------------------------+-------+-------+-------++-------
  Melee: Unarmed           |    66 |    29 |       ||    95
         Tailslap          |    10 |    25 |    18 ||    53
         Punch             |     2 |     3 |     1 ||     6
         Short sword       |       |   118 |       ||   118
         Dagger            |       |    42 |   113 ||   155
Ability: Breathe Fire      |       |       |     2 ||     2
    Use: Potion            |       |     1 |     3 ||     4
   Stab: Sleeping          |       |     2 |       ||     2
 Armour: Skin              |    29 |   131 |    74 ||   234
  Dodge: Dodged            |    34 |   113 |    76 ||   223
